Map: Acid Plant LE

Players

liquidthermy (uThermal) - Winner!

  • Race: Terran Terran
  • League: Master
  • Spawn Location: 11:00

Reynor

  • Race: Zerg Zerg
  • League: Master
  • Spawn Location: 5:00

Event: HomeStory Cup XVIII

VOD

Have the link to the VOD?

Description

Time

  • Played on: Nov. 24, 2018, 8:58 a.m.
  • Length: 20:06

All games in this series

Show
View Real Time Build Order
Export as new Build Order

liquidthermy Terran - Winner!

Build Orders: Liberator Opening, Reaper Expand 

Get SALT Encoding   

  12  0:01  SCV  
  13  0:13  SCV  
  14  0:17  Supply Depot  
  14  0:25  SCV  
  15  0:38  SCV  
  15  0:39  Barracks  
  16  0:43  Refinery  
  16  0:50  SCV  
  17  1:02  SCV  
  18  1:15  SCV  
  19  1:28  Reaper, Orbital Command  
  20  1:39  Command Center  
  20  1:48  Supply Depot  
  20  1:54  SCV  
  21  2:00  Marine  
  22  2:06  SCV  
  23  2:11  Factory  
  23  2:12  Refinery  
  23  2:18  SCV  
  23  2:19  Barracks Reactor  
  24  2:30  SCV  
  25  2:42  SCV  
  26  2:52  Orbital Command  
  26  2:54  SCV  
  26  2:56  Starport  
  27  3:02  Hellion x2, Barracks Tech Lab  
  31  3:06  SCV  
  31  3:12  Supply Depot  
  32  3:17  SCV  
  32  3:18  SCV  
  34  3:23  Hellion  
  34  3:24  Hellion  
  38  3:29  SCV  
  38  3:30  SCV  
  40  3:34  Liberator  
  40  3:37  Supply Depot  
  40  3:40  Cloaking Field  
  43  3:41  SCV  
  43  3:43  SCV  
  43  3:46  Hellion  
  47  3:49  Hellion  
  47  3:55  SCV x2  
  51  4:01  Supply Depot  
  51  4:07  Hellion, SCV x2  
  55  4:10  Hellion  
  57  4:19  Command Center  
  57  4:22  SCV x2  
  59  4:31  Hellion x2  
  63  4:39  Refinery x2  
  63  4:43  Factory, Barracks Tech Lab  
  63  4:44  Factory  
  63  4:45  SCV  
  64  4:46  SCV  
  64  4:49  Supply Depot  
  65  4:53  Banshee  
  65  4:58  Hellion  
  70  5:11  Hellion, SCV  
  70  5:12  Supply Depot  
  70  5:13  Armory, Barracks Tech Lab, SCV  
  71  5:22  Hellion  
  74  5:28  SCV  
  74  5:35  Orbital Command  
  74  5:36  Banshee, SCV  
  74  5:38  Cyclone  
  81  5:44  Cyclone  
  84  5:52  SCV  
  84  5:54  Mag-Field Accelerator  
  84  5:55  SCV  
  80  6:00  Hellion x2  
  80  6:01  SCV  
  79  6:04  SCV  
  79  6:06  Terran Vehicle And Ship Armor Level 1  
  79  6:07  SCV  
  79  6:09  Infernal Pre-Igniter  
  79  6:11  Orbital Command  
  79  6:16  SCV  
  80  6:19  Cyclone, SCV  
  80  6:24  Supply Depot  
  84  6:26  Cyclone  
  84  6:29  Hellion  
  84  6:30  Refinery, SCV  
  90  6:36  Banshee  
  90  6:39  Refinery, SCV x2  
  95  6:45  SCV  
  96  6:47  Supply Depot x2  
  96  6:51  SCV x2  
  96  6:53  Hellion x2  
  98  6:54  Hellion x5  
  98  6:55  Cyclone  
  98  6:57  SCV  
  98  6:58  Cyclone  
  105  7:03  SCV x2  
  105  7:05  Supply Depot  
  107  7:08  Supply Depot  
  107  7:09  SCV  
  107  7:14  Engineering Bay  
  107  7:15  Hellion x2  
  110  7:19  Banshee, SCV x2  
  115  7:26  SCV  
  116  7:31  Cyclone x2, SCV  
  116  7:34  SCV  
  124  7:43  Hellion  
  125  7:46  SCV  
  125  7:47  Starport  
  125  7:49  Starport  
  113  7:54  Hellion  
  113  7:57  Command Center  
  111  8:02  Terran Vehicle And Ship Armor Level 2, Banshee  
  111  8:05  Cyclone x2  
  118  8:06  Hellion  
  118  8:10  Sensor Tower  
  120  8:15  Missile Turret  
  120  8:19  Hellion  
  122  8:23  Supply Depot x2  
  122  8:24  Supply Depot  
  122  8:25  Starport Tech Lab x2  
  122  8:29  Hellion  
  124  8:37  Cyclone x2  
  124  8:38  Missile Turret  
  130  8:43  Supply Depot  
  130  8:44  Hellion  
  130  8:47  Banshee x2  
  138  8:52  Factory  
  138  8:53  Factory  
  136  8:58  Banshee  
  139  9:05  Command Center  
  139  9:07  Hellion  
  139  9:08  Hellion  
  139  9:09  Cyclone  
  146  9:16  Hyperflight Rotors  
  146  9:20  Missile Turret  
  146  9:22  Cyclone  
  149  9:33  Banshee  
  149  9:36  Banshee  
  149  9:37  Factory Tech Lab x2  
  155  9:41  Cyclone  
  155  9:43  Missile Turret  
  160  9:45  Hellion  
  160  9:46  Hellion  
  162  9:53  Banshee  
  162  9:54  Refinery  
  162  9:55  Cyclone  
  162  9:59  Refinery  
  168  10:01  Sensor Tower  
  168  10:02  Missile Turret  
  168  10:08  Cyclone  
  168  10:12  Supply Depot  
  175  10:14  Hellion x2  
  175  10:15  Supply Depot  
  170  10:34  Cyclone  
  150  10:40  Cyclone x2  
  126  10:44  Cyclone  
  126  10:49  Orbital Command  
  119  10:55  SCV  
  113  11:06  Cyclone  
  116  11:11  Planetary Fortress  
  116  11:12  Cyclone  
  116  11:14  SCV x2  
  116  11:18  SCV  
  119  11:26  SCV  
  119  11:29  SCV  
  119  11:32  Banshee  
  121  11:37  Hellion, Cyclone  
  121  11:38  Hellion, SCV  
  129  11:44  SCV x2  
  128  11:48  Missile Turret  
  128  11:50  SCV  
  128  11:53  SCV  
  120  12:00  Banshee, SCV  
  120  12:01  SCV  
  123  12:02  SCV  
  123  12:05  SCV  
  123  12:06  Banshee  
  128  12:13  SCV  
  126  12:16  SCV  
  126  12:17  Terran Vehicle And Ship Armor Level 3  
  126  12:20  SCV x2  
  129  12:28  Banshee  
  129  12:29  SCV  
  133  12:34  Cyclone  
  133  12:35  Cyclone  
  140  12:37  SCV  
  140  12:38  SCV  
  141  12:44  Banshee  
  141  12:48  Cyclone  
  147  12:52  SCV x2  
  149  13:01  SCV  
  149  13:02  SCV  
  149  13:04  SCV  
  152  13:08  Cyclone x2  
  158  13:15  Supply Depot  
  158  13:18  Cyclone  
  158  13:28  Missile Turret  
  158  13:29  Missile Turret  
  158  13:34  Cyclone  
  161  13:37  Banshee  
  161  13:40  Cyclone x2  
  147  13:50  Cyclone  
  143  14:06  Cyclone  
  142  14:12  Cyclone x2  
  141  14:22  Cyclone  
  127  14:26  SCV  
  128  14:37  SCV  
  128  14:38  Cyclone  
  133  14:39  SCV  
  133  14:44  Cyclone  
  133  14:45  Cyclone, Banshee  
  142  14:47  Missile Turret  
  142  14:49  Banshee  
  142  14:52  Missile Turret  
  143  14:55  Cyclone  
  143  14:58  Banshee  
  148  15:03  Hellion  
  150  15:10  Cyclone  
  150  15:13  Hellion  
  155  15:17  Cyclone x2  
  155  15:18  Terran Ship Weapons Level 1  
  155  15:27  Cyclone, Banshee  
  160  15:35  Command Center  
  160  15:41  Banshee  
  160  15:42  Missile Turret, Cyclone, Hellion  
  168  15:45  Raven  
  168  15:49  Cyclone x2  
  176  15:52  Hellion  
  175  16:04  Siege Tank  
  178  16:14  Siege Tank  
  178  16:17  Supply Depot, Hellion x2  
  185  16:21  Siege Tank  
  188  16:35  Cyclone  
  188  16:36  Orbital Command  
  188  16:37  Cyclone  
  194  16:46  Cyclone  
  197  16:59  Cyclone  
  191  17:07  Cyclone  
  173  17:09  Hellion x2, Cyclone, Banshee  
  183  17:18  Cyclone  
  186  17:31  Cyclone, Hellion  
  186  17:34  Banshee  
  196  17:37  Hellion  
  196  17:39  Hellion  
  196  17:41  Hellion  
  196  17:44  Banshee  
  173  17:51  Hellion  
  160  17:52  Hellion, Banshee  
  167  17:58  Hellion  
  167  18:01  Cyclone  
  167  18:02  Missile Turret, Cyclone  
  167  18:03  Refinery x2, SCV x5  
  167  18:05  Command Center  
  178  18:07  Hellion  
  178  18:12  Cyclone  
  179  18:15  SCV x4  
  179  18:16  Banshee  
  179  18:18  SCV  
  182  18:26  Banshee  
  185  18:27  SCV x2  
  185  18:28  Cyclone  
  185  18:31  Hellion  
  185  18:33  Cyclone  
  196  18:34  SCV  
  193  18:43  Cyclone  
  196  18:51  Hellion, Siege Tank  
  196  18:52  SCV  
  196  18:53  SCV x2  
  200  19:09  Missile Turret  
  200  19:10  Missile Turret  
  200  19:12  Missile Turret  
Show
View Real Time Build Order
Export as new Build Order

Reynor Zerg 

Build Orders: Hatch First 

Get SALT Encoding   

  12  0:01  Drone  
  13  0:12  Overlord  
  13  0:17  Drone  
  14  0:30  Drone x2  
  16  0:48  Hatchery  
  15  0:51  Drone  
  15  0:55  Drone  
  17  0:59  Drone  
  18  1:05  Extractor  
  17  1:15  Spawning Pool  
  17  1:17  Drone  
  17  1:21  Drone  
  18  1:28  Drone  
  19  1:39  Drone  
  20  1:49  Drone  
  21  2:01  Zergling x2  
  21  2:02  Queen x2, Zergling x2  
  27  2:20  Hatchery  
  26  2:24  Overlord  
  26  2:29  Spore Crawler  
  25  2:31  Drone  
  25  2:37  Drone x2  
  29  2:45  Metabolic Boost  
  29  2:47  Drone x2  
  29  2:50  Drone  
  31  2:51  Drone  
  31  2:55  Drone  
  33  2:59  Overlord  
  33  3:06  Queen  
  35  3:18  Drone x6  
  41  3:24  Queen  
  43  3:32  Zergling x2  
  43  3:33  Zergling x2  
  45  3:34  Drone x2  
  45  3:37  Overlord  
  47  3:43  Drone x2  
  49  3:49  Baneling Nest  
  49  3:52  Overlord  
  49  3:55  Queen  
  52  4:02  Drone x2  
  52  4:03  Lair  
  52  4:04  Extractor  
  51  4:10  Drone x5  
  56  4:20  Overlord  
  56  4:21  Zergling x6  
  61  4:24  Drone x4  
  61  4:31  Spore Crawler  
  62  4:32  Drone  
  62  4:33  Spore Crawler  
  62  4:35  Drone x3  
  65  4:38  Baneling  
  65  4:39  Baneling x3  
  65  4:42  Drone  
  65  4:43  Drone, Spore Crawler  
  65  4:44  Baneling  
  66  4:50  Zergling x4  
  66  4:52  Drone x3  
  71  4:55  Queen  
  73  5:07  Overlord  
  73  5:08  Overlord  
  73  5:12  Overseer  
  67  5:25  Zergling x8  
  67  5:26  Zergling x16  
  67  5:27  Queen  
  77  5:30  Drone x2  
  77  5:31  Drone x2  
  77  5:32  Drone x3  
  84  5:40  Extractor  
  84  5:41  Drone, Evolution Chamber  
  83  5:43  Drone x2, Evolution Chamber  
  82  5:53  Zergling x6  
  73  6:00  Zergling x2  
  73  6:03  Drone x2  
  74  6:04  Drone  
  74  6:05  Drone  
  74  6:06  Drone x2  
  74  6:07  Overlord  
  74  6:09  Drone, Zerg Ground Armor Level 1  
  78  6:14  Extractor  
  78  6:15  Drone  
  78  6:16  Drone x2  
  78  6:18  Drone  
  81  6:19  Drone x2  
  81  6:20  Zerg Missile Weapons Level 1  
  81  6:22  Roach Warren  
  82  6:25  Drone  
  82  6:26  Drone, Hatchery  
  82  6:30  Drone  
  84  6:34  Extractor  
  84  6:36  Extractor, Drone  
  84  6:39  Overlord x2  
  83  6:43  Overlord  
  83  6:44  Drone  
  83  6:45  Drone  
  85  7:01  Overlord  
  85  7:02  Roach x8  
  85  7:06  Glial Reconstitution  
  85  7:08  Roach  
  101  7:10  Roach  
  101  7:13  Hatchery, Roach x3  
  101  7:14  Roach  
  108  7:20  Roach x6  
  120  7:25  Roach  
  120  7:27  Overlord  
  122  7:30  Overseer  
  122  7:32  Overlord  
  122  7:42  Queen x2  
  120  7:50  Roach x3  
  116  7:53  Roach x7  
  116  7:54  Overlord  
  130  7:59  Overlord  
  130  8:02  Roach  
  130  8:04  Overlord  
  130  8:06  Zerg Ground Armor Level 2  
  130  8:10  Overlord  
  130  8:13  Roach  
  130  8:14  Roach x3  
  130  8:17  Queen, Overlord  
  130  8:18  Zerg Missile Weapons Level 2  
  140  8:24  Roach x3  
  140  8:25  Roach  
  148  8:27  Ravager x3  
  148  8:28  Ravager  
  152  8:36  Drone x4  
  152  8:38  Ravager  
  152  8:39  Ravager x2  
  152  8:40  Roach x3  
  165  8:44  Queen  
  167  8:50  Queen  
  167  8:51  Roach x2  
  167  8:53  Overlord  
  173  8:58  Overlord  
  173  9:04  Overlord  
  173  9:05  Queen  
  173  9:08  Ravager  
  173  9:09  Overlord  
  176  9:11  Spore Crawler  
  176  9:13  Ravager x3  
  176  9:16  Roach x4  
  186  9:20  Overlord  
  186  9:23  Roach x2  
  186  9:24  Roach x4  
  196  9:36  Roach x6  
  196  9:37  Roach x2  
  200  9:44  Tunneling Claws, Burrow  
  198  9:55  Roach x4  
  198  9:56  Roach  
  198  9:58  Queen  
  200  10:18  Queen  
  192  10:29  Queen  
  192  10:33  Spire  
  185  10:39  Roach  
  185  10:40  Roach x12  
  172  10:49  Drone x2  
  161  10:50  Drone x7  
  161  10:51  Extractor  
  161  10:52  Extractor, Roach x3  
  161  10:56  Roach  
  155  11:02  Drone x3  
  155  11:03  Queen  
  155  11:04  Queen  
  155  11:08  Overlord  
  152  11:13  Roach x3  
  152  11:16  Overseer  
  156  11:20  Roach x15  
  156  11:22  Drone  
  153  11:28  Queen  
  153  11:41  Overlord  
  153  11:45  Roach x14  
  153  11:46  Queen x2  
  155  11:49  Corruptor  
  155  11:50  Corruptor x8  
  159  11:55  Roach x2  
  159  11:56  Roach x3  
  159  11:59  Roach x2  
  159  12:00  Roach  
  153  12:03  Roach x3  
  157  12:15  Roach x4  
  163  12:16  Ravager x3  
  163  12:17  Overseer, Ravager x3  
  169  12:31  Ravager x2, Hatchery  
  169  12:36  Roach x4  
  178  12:39  Roach  
  180  12:48  Roach x5  
  190  12:54  Roach x2  
  194  13:09  Hatchery  
  193  13:13  Roach x3  
  193  13:14  Roach x17  
  193  13:17  Infestation Pit  
  198  13:38  Roach x13  
  198  13:40  Roach x5  
  199  13:41  Roach x6  
  191  13:55  Roach x5  
  183  13:58  Roach x6  
  183  13:59  Roach  
  187  14:03  Roach  
  187  14:04  Roach x5  
  169  14:18  Roach x5  
  169  14:19  Roach x2  
  169  14:21  Roach x3  
  164  14:28  Roach x6  
  164  14:29  Queen  
  164  14:31  Roach x2  
  164  14:35  Ravager  
  164  14:36  Ravager x4  
  164  14:37  Overseer x2  
  167  14:40  Infestor x4  
  167  14:42  Roach  
  167  14:45  Spore Crawler  
  176  14:46  Roach  
  176  14:48  Roach  
  176  14:50  Roach x2  
  182  14:53  Roach x20  
  182  14:54  Roach x2  
  182  14:57  Roach  
  182  14:58  Roach x7  
  194  15:06  Roach x3  
  198  15:18  Spore Crawler  
  198  15:20  Spore Crawler  
  186  15:30  Extractor x2  
  186  15:32  Ravager x5  
  186  15:34  Roach  
  186  15:35  Roach x7  
  199  15:36  Hatchery  
  199  15:37  Corruptor  
  200  15:50  Zerg Flyer Weapons Level 1  
  200  15:51  Hive  
  192  16:05  Pneumatized Carapace  
  192  16:08  Corruptor x2  
  196  16:13  Roach x2  
  200  16:57  Infestor x2  
  198  17:03  Roach x9  
  198  17:05  Overseer  
  198  17:07  Roach x2  
  198  17:08  Roach x21  
  200  17:13  Overseer x2  
  197  17:29  Roach x2  
  197  17:43  Roach x4  
  197  17:44  Roach x3  
  174  17:47  Roach  
  174  17:48  Roach x8  
  169  17:51  Greater Spire  
  169  17:57  Roach x3  
  174  17:58  Roach  
  174  18:00  Roach  
  174  18:03  Roach x8  
  174  18:05  Overlord x2  
  173  18:07  Overlord, Hatchery  
  172  18:19  Corruptor x3  
  168  18:20  Corruptor  
  160  18:54  Extractor  
  159  19:04  Brood Lord x4  
  159  19:05  Brood Lord x3  
  159  19:06  Brood Lord  
  159  19:07  Corruptor x2  
  179  19:14  Corruptor  
  181  19:21  Corruptor  
  181  19:23  Overseer  
  183  19:27  Extractor  
  179  19:33  Corruptor  
  172  19:41  Roach  
  172  19:42  Roach x5  
  182  19:51  Hatchery  
Tags
 
Add a new tag
Caveats
  • Supply blocks, unpowered buildings, or Contaminate may cause inaccurate times.
  • Supply counts are checked every 10 seconds.